 Dungeon Sprint DCSS version 0.21.1-1-g345015f (webtiles) character file.

33 rotsike6 the Skirmisher (level 3, -11/36 HPs)
             Began as a Hill Orc Fighter on June 30, 2018.
             Splashed by an oklob sapling's acid (13 damage)
             ... in the Dungeon (Sprint IV: "Fedhas' Mad Dash").
             The game lasted 00:01:20 (100 turns).

rotsike6 the Skirmisher (Hill Orc Fighter)           Turns: 100, Time: 00:01:21

Health: -11/36     AC:  3    Str: 18    XL:     3   Next: 29%
Magic:  3/3        EV:  7    Int:  9    God:
Gold:   52         SH:  9    Dex: 10    Spells: 2/2 levels left

rFire    . . .     SeeInvis .   a - +0 trident
rCold    . . .     Gourm    .   c - +0 shield
rNeg     . . .     Faith    .   b - +0 scale mail
rPois    .         Spirit   .   (no helmet)
rElec    .         Reflect  .   (no cloak)
rCorr    .         Harm     .   (no gloves)
MR       .....     NoTele   +   (no boots)
Stlth    ..........             m - amulet of invisibility {+Inv}
HPRegen  0.12/turn              (no ring)
MPRegen  0.08/turn              (no ring)

@: corroded
A: no striking features
a: Evoke Invisibility


You were in the Dungeon.
You were not hungry.

You visited 1 branch You collected 52 gold pieces.

Inventory:

Hand Weapons
 a - a +0 trident (weapon)
Armour
 b - a +0 scale mail (worn)
 c - a +0 shield (worn)
 l - a cursed +0 robe
Jewellery
 m - the amulet of invisibility (around neck) {+Inv}
   (You found it in the Dungeon)

   [amulet of nothing]

   It lets you turn invisible.
Scrolls
 k - a scroll of blinking
Potions
 d - a potion of might
 e - a potion of curing
 g - a potion of heal wounds
 h - a potion of haste
 i - 2 potions of magic
 j - a potion of berserk rage
Comestibles
 f - a ration


   Skills:
 + Level 5.4 Fighting
 + Level 3.0 Polearms
 + Level 5.0 Armour
 + Level 4.8 Shields


You had 2 spell levels left.
You didn't know any spells.

Dungeon Overview and Level Annotations

Branches:
Dungeon (1/1)

Altars:
Cheibriados
Gozag
Hepliaklqana
Makhleb
Nemelex Xobeh
Ru
Sif Muna
Trog
Wu Jian
Xom
Yredelemnul
Beogh
Jiyva

Annotations:
D exclusion: 3 oklob saplings


Message History

You now have 52 gold pieces (gained 15).
Wield which item (- for none, * to show all)? (? for menu, Esc to quit)
You can't wield armour.
As you open the door, it creaks loudly!
Marking area around the oklob sapling as unsafe for travelling.
An oklob sapling comes into view.
Found 20 gold pieces.
You open the door.
Found ten altars.
Marking area around the oklob sapling priest as unsafe for travelling.
An oklob sapling priest comes into view.
Found three altars.
There is an open door here.
The oklob sapling spits acid at you. The splash of acid hits you!
You are splashed with acid!
The acid burns!
The oklob sapling spits acid at you. The splash of acid hits you!
* * * LOW HITPOINT WARNING * * *
The acid corrodes you!
You are splashed with acid!
The acid burns!
You die...

#########################
#<..P#.....#.....#.⌠._._.
#PP..'.†...'.#@..'.._._._
#PPPP#.....#P#...#..._._P
###############'##.._._._
+... ._._._. #$P$########
#####


You could see an oklob sapling.

Vanquished Creatures
  A worker ant (D)
  A river rat (D)
  A rat (D)
3 creatures vanquished.

Notes
Turn   | Place    | Note
-------+----------+-------------------------------------------
     0 | D        | rotsike6 the Hill Orc Fighter began the quest for the Orb.
     0 | D        | Reached XP level 1. HP: 19/19 MP: 1/1
     9 | D        | Reached XP level 2. HP: 24/28 MP: 2/2
    51 | D        | Noticed an oklob sapling
    56 | D        | Found the amulet of invisibility {+Inv}
    65 | D        | Reached skill level 5 in Fighting
    65 | D        | Reached skill level 5 in Armour
    65 | D        | Reached XP level 3. HP: 25/36 MP: 3/3
    93 | D        | Noticed an oklob sapling
    96 | D        | Found an opulent altar of Gozag.
    96 | D        | Found a hazy altar of Hepliaklqana.
    96 | D        | Found a burning altar of Makhleb.
    96 | D        | Found a roughly hewn altar of Beogh.
    96 | D        | Found a sparkling altar of Nemelex Xobeh.
    96 | D        | Found a snail-covered altar of Cheibriados.
    96 | D        | Found a sacrificial altar of Ru.
    96 | D        | Found a deep blue altar of Sif Muna.
    96 | D        | Found a shimmering altar of Xom.
    96 | D        | Found a basalt altar of Yredelemnul.
    97 | D        | Found a viscous altar of Jiyva.
    97 | D        | Found a bloodstained altar of Trog.
    97 | D        | Found an ornate altar of the Wu Jian Council.
    97 | D        | Noticed an oklob sapling priest
   100 | D        | Splashed by an oklob sapling's acid

Skill      XL: |  1  2 |
---------------+-------+-----
Fighting       | 4 5 |  5.4
Armour         | 4 5 |  5.0
Shields        | 4 |  4.8
Polearms       | 3 |  3.0

Action                   || total
-------------------------++-------
Melee: Trident           ||    12
Armor: Scale mail        ||     5
Dodge: Dodged            ||     7
Block: Shield            ||     3
